 Dungeon Crawl Stone Soup version 0.30-b1-2-g02819fbbbe (webtiles) character file.

Game seed: 50557558877245743

459614 Arcadio the Axe Maniac (level 24, -6/367 HPs)
             Began as a Hill Orc Monk on May 12, 2023.
             Was the Champion of Qazlal.
             Mangled by a rockslime (12 damage)
             ... created by the Royal Jelly
             ... on level 5 of the Pits of Slime.
             The game lasted 02:43:24 (46675 turns).

Arcadio the Axe Maniac (Hill Orc Monk)             Turns: 46675, Time: 02:43:24

Health: -6/367     AC: 36    Str: 35      XL:     24   Next: 45%
Magic:  31/31      EV: 11    Int: 16 (17) God:    Qazlal [******]
Gold:   1986       SH: 35    Dex: 11      Spells: 13/23 levels left

rFire   . . .        d - +9 broad axe (freeze)
rCold   + + .        H - +7 tower shield
rNeg    . . .        e - +8 plate armour "Jeas" {rC++ Str+2 Dex+2}
rPois   .            K - +2 hat
rElec   .            p - +2 cloak of the Fletcher {Will+++ Str+3 Dex-3}
rCorr   .            S - +2 pair of gloves
SInv    .            D - +1 pair of boots of Eternal Night {Int+3}
Will    +++++        O - amulet of regeneration Stlth
                     L - ring of Conformity {Will+ Slay+4 Stlth+}
HPRegen 1.61/turn    q - +6 ring of strength
MPRegen 0.22/turn

%: repel missiles
@: berserking, protected from physical damage, corroded, very quick
A: clever 1, deterioration 1, low MP 1, teleportitis 1, evolution 1, subdued
magic 1
}: 2/15 runes: decaying, gossamer
a: Renounce Religion, Upheaval, Elemental Force, Disaster Area


You were on level 5 of the Pits of Slime.
You worshipped Qazlal.
Qazlal was exalted by your worship.
You visited 9 branches of the dungeon, and saw 44 of its levels.
You also visited: Bailey, Gauntlet and Wizlab.

You collected 4732 gold pieces.
You spent 2746 gold pieces at shops.

Inventory:

Hand Weapons
 d - a +9 broad axe of freezing (weapon)
 N - a +9 war axe of venom
Armour
 e - the +8 plate armour "Jeas" (worn) {rC++ Str+2 Dex+2}
   (You bought it in a shop on level 2 of the Orcish Mines)

   Str:       It affects your strength (+2).
   Dex:       It affects your dexterity (+2).
   rC:        It greatly protects you from cold.
 p - the +2 cloak of the Fletcher (worn) {Will+++ Str+3 Dex-3}
   (You acquired it on level 12 of the Dungeon)

   Str:       It affects your strength (+3).
   Dex:       It affects your dexterity (-3).
   Will:      It greatly increases your willpower.
 D - the +1 pair of boots of Eternal Night (worn) {Int+3}
   (You found it in a wizard's laboratory)

   Int:       It affects your intelligence (+3).
 F - a +0 pair of boots
 H - a +7 tower shield (worn)
 K - a +2 hat (worn)
 S - a +2 pair of gloves (worn)
Jewellery
 a - a ring of protection from cold
 q - a +6 ring of strength (right hand)
 s - a ring of positive energy
 E - a ring of see invisible
 L - the ring of Conformity (left hand) {Will+ Slay+4 Stlth+}
   (You found it in a bailey)

   [ring of slaying]

   Slay:      It affects your accuracy & damage with ranged weapons and melee
   (+4).
   Will:      It increases your willpower.
   Stlth:     It makes you more stealthy.
 O - an amulet of regeneration (around neck)
 U - the ring of Plog {Fire Fly rPois Int-5 Dex+4}
   (You found it on level 4 of the Swamp)

   [ring of fire]

   It enhances your fire magic.
   Int:       It affects your intelligence (-5).
   Dex:       It affects your dexterity (+4).
   rF:        It protects you from fire.
   rC:        It makes you vulnerable to cold.
   rPois:     It protects you from poison.
   Fly:       It grants you flight.
 X - the ring of Dimmatey {rPois rF+ Will+ Str-2 Int+5}
   (You found it in a wizard's laboratory)

   [ring of poison resistance]

   Str:       It affects your strength (-2).
   Int:       It affects your intelligence (+5).
   rF:        It protects you from fire.
   rPois:     It protects you from poison.
   Will:      It increases your willpower.
 Y - a +6 ring of strength
Wands
 c - a wand of polymorph (15)
 v - a wand of acid (21)
 G - a wand of flame (109)
 I - a wand of roots (33)
 J - a wand of mindburst (18)
 R - a wand of digging (11)
 W - a wand of charming (30)
Scrolls
 j - 9 scrolls of blinking
 m - 12 scrolls of teleportation
 n - 5 scrolls of fog
 r - 16 scrolls of identify
 u - 7 scrolls of immolation
 w - 5 scrolls of poison
 y - 6 scrolls of fear
 A - 5 scrolls of vulnerability
 C - 9 scrolls of butterflies
 M - 4 scrolls of magic mapping
 P - a scroll of silence
 V - 3 scrolls of amnesia
Potions
 b - 2 potions of attraction
 f - 10 potions of haste
 g - a potion of lignification
 h - 17 potions of heal wounds
 i - 4 potions of invisibility
 l - 2 potions of might
 o - 15 potions of curing
 t - 5 potions of ambrosia
 x - 3 potions of resistance
 z - 3 potions of berserk rage
 B - 8 potions of flight
 Q - 9 potions of mutation
Miscellaneous
 T - a phial of floods
 Z - a condenser vane


   Skills:
 + Level 26.0 Fighting
 O Level 27 Axes
 + Level 22.8 Armour
 - Level 6.7 Dodging
 + Level 20.2 Shields
 + Level 5.2 Translocations
 - Level 17.0 Invocations


You had 13 spell levels left.
You knew the following spells:

 Your Spells              Type           Power      Damage    Failure   Level
a - Blink                 Tloc           24%        N/A       16%         2
b - Beastly Appendage     Tmut           0%         N/A       67%         1
c - Lesser Beckoning      Tloc           24%        N/A       16%         2
d - Wereblood             Tmut           0%         N/A       82%         2
e - Teleport Other        Tloc           12%        N/A       32%         3

Your spell library contained the following spells:

 Spells                   Type           Power      Damage    Failure   Level
 Gell's Gravitas          Tloc           12%        N/A       32%         3
 Foxfire                  Conj/Fire      0%         2x1d4     67%         1
 Magic Dart               Conj           0%         1d3       67%         1
 Necrotise                Necr           0%         1d4       67%         1
 Portal Projectile        Hex/Tloc       12%        N/A       69%         3
 Volatile Blastmotes      Fire/Tloc      12%        2d11      69%         3
 Manifold Assault         Tloc           12%        N/A       73%         4
 Call Imp                 Summ           0%         N/A       82%         2
 Cigotuvi's Dreadful Rot  Necr/Pois/Air  0%         N/A       82%         2
 Static Discharge         Conj/Air       0%         2-2/arc   82%         2
 Sublimation of Blood     Necr           0%         N/A       82%         2
 Dazzling Flash           Conj/Hex       0%         N/A       96%         3
 Inner Flame              Hex/Fire       0%         N/A       96%         3
 Mephitic Cloud           Conj/Pois/Air  0%         N/A       96%         3
 Spider Form              Tmut/Pois      0%         N/A       96%         3
 Tukima's Dance           Hex            0%         N/A       96%         3
 Vampiric Draining        Necr           0%         2d6       96%         3
 Iskenderun's Mystic Bla  Conj/Tloc      6%         2d4       98%         4
 Anguish                  Hex/Necr       0%         N/A       100%        4
 Animate Dead             Necr           0%         N/A       100%        4
 Ice Form                 Ice/Tmut       0%         N/A       100%        4
 Olgreb's Toxic Radiance  Pois           0%         N/A       100%        4
 Petrify                  Tmut/Erth      0%         N/A       100%        4
 Agony                    Necr           0%         N/A       100%        5
 Blade Hands              Tmut           0%         N/A       100%        5
 Borgnjor's Vile Clutch   Necr/Erth      0%         N/A       100%        5
 Fireball                 Conj/Fire      0%         3d3       100%        5
 Irradiate                Conj/Tmut      0%         3d11      100%        5
 Iskenderun's Battlesphe  Conj           0%         2d6       100%        5
 Metabolic Englaciation   Hex/Ice        0%         N/A       100%        5
 Yara's Violent Unravell  Hex/Tmut       0%         3d3       100%        5
 Conjure Ball Lightning   Conj/Air       0%         3x3d6     100%        6
 Death Channel            Necr           0%         N/A       100%        6
 Plasma Beam              Fire/Air       0%         2x1d11    100%        6
 Simulacrum               Ice/Necr       0%         N/A       100%        6
 Starburst                Conj/Fire      0%         6d3       100%        6
 Statue Form              Tmut/Erth      0%         N/A       100%        6
 Enfeeble                 Hex            0%         N/A       100%        7
 Orb of Destruction       Conj           0%         9d5       100%        7
 Ozocubu's Refrigeration  Ice            0%         4d7       100%        7
 Spellforged Servitor     Conj/Summ      0%         N/A       100%        7
 Storm Form               Tmut/Air       0%         N/A       100%        7
 Discord                  Hex            0%         N/A       100%        8
 Disjunction              Tloc           6%         N/A       100%        8
 Lehudib's Crystal Spear  Conj/Erth      0%         10d2      100%        8
 Maxwell's Capacitive Co  Air            0%         ∞         100%        8
 Polar Vortex             Ice            0%         N/A       100%        9


Dungeon Overview and Level Annotations

Branches:
Dungeon (15/15) Zot: 25470  Temple (1/1) D:4 Zot: 5748    Lair (5/5) D:8 Zot: 23414
  Swamp (4/4) Lair:3 Zot: 20207  Spider (4/4) Lair:2 Zot: 20422   Slime (5/5) Lair:5 Zot: 25843
    Orc (2/2) D:11 Zot: 9667     Elf (0/3) Orc:2        Vaults (4/5) D:14 Zot: 19203
  Crypt (0/3) Vaults:2     Depths (4/4) D:15 Zot: 19435     Zot (0/5) Depths:4
 Bailey (visited)          WizLab (visited)         Gauntlet (visited)

Altars:
Ashenzari
Cheibriados
Dithmenos
Elyvilon
Fedhas
Gozag
Hepliaklqana
Kikubaaqudgha
Makhleb
Nemelex Xobeh
Okawaru
Qazlal
Ru
Sif Muna
Trog
Uskayaw
Vehumet
Wu Jian
Xom
Yredelemnul
Zin
The Shining One
Beogh

Shops:
Orc:2 ([*   Vaults:2 [   Vaults:3 =   Vaults:4 [:*   Depths:1 [*

Portals:
Hell: Depths:1 Depths:2 Depths:3 Depths:4
Abyss: Depths:2 Depths:3
Pandemonium: Depths:1 Depths:2 Depths:4
Ziggurat: Depths:4

Annotations:
Slime:5 Royal Jelly
Depths:1 9 runed translucent doors
Depths:3 3 runed translucent doors, Gaezyank's ghost, master GrEE


Innate Abilities, Weirdness & Mutations

Your mind is acute. (Int +4, Str/Dex -1)
Your body sometimes deteriorates upon taking damage.
Your magical capacity is low. (-10% MP)
You are occasionally teleported next to monsters.
You have hidden genetic potential.
Your spells are a little easier to cast, but a little less powerful.


Message History

* * * LOW HITPOINT WARNING * * *
You are splashed with acid!
* * * LOW HITPOINT WARNING * * *
The rockslime hits you!!
* * * LOW HITPOINT WARNING * * *
You hold your ground!
The quicksilver ooze is engulfed in blazing flames.
The quicksilver ooze hits you.
* * * LOW HITPOINT WARNING * * *
The quicksilver ooze engulfs you!
The quicksilver ooze hits you but does no damage.
The azure jelly is engulfed in freezing vapours.
You block the azure jelly's attack.
The azure jelly hits you but does no damage.
The azure jelly misses you. You block the azure jelly's attack.
The rockslime hits you but does no damage.
You slash the azure jelly! You freeze the azure jelly.
The azure jelly is moderately wounded.
You hit the rockslime. You freeze the rockslime. You hit the rockslime.
You freeze the rockslime. You slice the quicksilver ooze!!
You freeze the quicksilver ooze.
You kill the quicksilver ooze!
That felt strangely unrewarding.
The ooze engulfing you falls away.
You gasp with relief as air once again reaches your lungs.
You closely miss the azure jelly. The rockslime hits you!
* * * LOW HITPOINT WARNING * * *
You feel more protected from physical attacks.
You stumble backwards!
You chop the azure jelly into pieces!!! You freeze the azure jelly!
The azure jelly is almost dead.
You hit the rockslime. You freeze the rockslime. You slice the rockslime!!
You freeze the rockslime! You block the rockslime's attack.
The Royal Jelly is engulfed in freezing vapours.
You slash the rockslime! You freeze the rockslime.
The rockslime is moderately wounded.
You hit the rockslime but do no damage. You slice the azure jelly!!
You kill the azure jelly!
That felt strangely unrewarding.
You block the rockslime's attack. The rockslime hits you!
You die...

...... ......
####...... .#
###......... #..#
#.#.........
#....###.°.§.......
#.........J°§......
#......○○J§°......
##.....JJ@........
#......§...°......
#.................
##.................
...................
...................
...................
..................
..................


You could see the Royal Jelly, an azure jelly and 2 rockslimes.

Vanquished Creatures
  Dissolution (Slime:4)
  Mara (Swamp:4)
  Sojobo (Depths:4)
  3 golden dragons
  the Enchantress (Depths:1)
  3 tentacled monstrosities
  A walking frostbound tome (Depths:3)
  A quicksilver dragon (WizLab)
  6 liches
  A moon troll (WizLab)
  A titan (Vaults:4)
  22 acid blobs
  A walking divine tome (Depths:3)
  An ancient champion (Depths:4)
  7 sphinxes
  9 tentacled starspawn (WizLab)
  The ghost of Silenth the Unseen, an adept KoHu of Okawaru (Swamp:3)
  2 shadow dragons
  13 azure jellies
  Roxanne (Spider:4)
  5 tengu reavers
  12 rockslimes
  A storm dragon (Depths:4)
  7 fire giants
  7 vault wardens
  7 emperor scorpions (Spider:4)
  4 frost giants
  Louise (Swamp:1)
  A balrug (Depths:4)
  4 ghost moths
  A cacodemon (WizLab)
  5 spriggan defenders
  15 ironbound preservers
  4 ghouls (Swamp:2)
  4 broodmothers
  5 orc warlords
  4 war gargoyles
  120 slime creatures
  22 very ugly things
  2 draconian annihilators (Depths:4)
  5 ironbound thunderhulks
  A black draconian (Depths:4)
  17 stone giants
  15 quicksilver oozes
  4 vampire knights
  2 eleionomae (Swamp:4)
  A white draconian (Depths:4)
  A minotaur (Gauntlet)
  A yellow draconian (Depths:4)
  6 spark wasps
  A green draconian (Depths:4)
  A deep elf annihilator (Vaults:1)
  3 bunyips
  12 dire elephants
  5 crystal guardians
  3 ettins
  9 fire dragons
  A merfolk impaler (Depths:3)
  A spectral fenstrider witch (Swamp:3)
  11 yaktaur captains
  Erolcha (D:12)
  6 vault guards
  A shambling mangrove (Swamp:4)
  13 great orbs of eyes
  18 hydras
  5 entropy weavers
  2 hell beasts
  8 ice dragons
  4 rakshasas
  An anaconda (shapeshifter) (Depths:3)
  10 ghost crabs
  A jorogumo (Spider:2)
  An ogre mage (Vaults:3)
  4 peacekeepers
  Erica (D:10)
  2 spriggan air magi (Depths:1)
  A radroach (Spider:1)
  13 ironbound frosthearts
  10 alligators
  6 centaur warriors
  5 two-headed ogres
  11 deep troll earth magi
  13 deep troll shamans
  11 boulder beetles
  14 death yaks (Lair:5)
  6 tengu warriors
  6 spriggan berserkers
  4 orc high priests
  2 vampire magi (Depths:1)
  Nergalle (Orc:1)
  Urug (Lair:4)
  5 hell knights
  12 spriggans
  2 sixfirhies (Depths:2)
  3 skeletal warriors (Depths:4)
  A spectral death yak (Lair:3)
  2 soul eaters (Gauntlet)
  13 iron trolls
  A storm dragon skeleton (Depths:1)
  8 spriggan druids
  A salamander mystic (Depths:2)
  8 pharaoh ants
  3 sun moths
  3 goliath frogs
  An orange crystal statue (WizLab)
  A quicksilver dragon simulacrum (Depths:4)
  50 deep trolls
  A fire crab (Lair:3)
  3 flayed ghosts
  A spectral spriggan (Swamp:3)
  9 glowing orange brains
  12 orb spiders
  9 swamp dragons
  A bog body (Swamp:3)
  22 lindwurms
  3 spectral hydras (Lair:3)
  11 steelbarb worms
  2 tengu zombies
  A fenstrider witch simulacrum (Swamp:3)
  18 wizards
  5 necromancers
  18 ironbound convokers
  A phantasmal warrior (Vaults:4)
  A wolf spider (shapeshifter) (D:15)
  28 wolf spiders
  The ghost of xelsha the Cleaver, a novice MiFi of Okawaru (D:6)
  10 orc knights
  A manticore (D:14)
  A steelbarb worm (shapeshifter) (Depths:1)
  4 harpies (Vaults:2)
  50 ugly things
  4 shining eyes
  4 deep elf pyromancers
  3 orc sorcerers
  A shadow dragon skeleton (Depths:1)
  4 moths of wrath
  24 elephants
  2 will-o-the-wisps (Swamp:1)
  Maurice (Orc:1)
  3 cyclopes
  A frost giant skeleton (Vaults:2)
  3 salamanders (Depths:2)
  5 apocalypse crabs (Swamp:2)
  18 vault sentinels
  5 black mambas
  9 eyes of devastation
  A gargoyle (D:11)
  Joseph (D:8)
  10 torpor snails
  9 demonic crawlers
  2 rime drakes
  An unseen horror (D:10)
  A hellion (Gauntlet)
  13 cane toads
  An efreet (D:14)
  16 yaktaurs
  3 tengu conjurers
  8 komodo dragons
  A freezing wraith (Vaults:4)
  A spriggan skeleton (Depths:1)
  4 spectral death drakes (Swamp:3)
  8 trolls
  7 tyrant leeches
  12 blink frogs
  Grinder (D:3)
  20 tarantellas
  19 hornets
  6 polar bears
  A tarantella (shapeshifter) (D:13)
  A raiju (Gauntlet)
  4 dream sheep (Lair:3)
  A slime creature (shapeshifter) (Depths:3)
  Sigmund (D:2)
  A centaur simulacrum (D:14)
  27 jumping spiders
  A ynoxinul (Depths:2)
  A shadow (D:11)
  33 culicivoras
  A vampire (D:13)
  7 water elementals
  3 wyverns
  61 yaks
  4 fire bats (Depths:2)
  14 starcursed masses (WizLab)
  7 basilisks
  10 golden eyes (WizLab)
  Eustachio (D:6)
  2 neqoxecs (WizLab)
  12 vampire mosquitoes
  4 spriggan simulacra (Swamp:3)
  62 redbacks
  3 wargs
  6 steam dragons
  14 swamp worms
  A chaos spawn (Depths:2)
  A two-headed ogre zombie (D:11)
  9 water moccasins
  Duvessa (D:6)
  6 acid dragons
  A spectral polar bear (Lair:3)
  A floating eye (Depths:3)
  10 swamp drakes
  An ice beast (D:7)
  2 black bears
  38 orc warriors
  2 sky beasts (D:7)
  11 ogres
  7 centaurs
  17 wolves
  A human skeleton (Vaults:2)
  2 phantoms (D:11)
  2 kobold brigands
  10 bullfrogs
  A gnoll sergeant (D:11)
  A necrophage (Swamp:2)
  A water moccasin zombie (D:7)
  9 wights
  3 scorpions
  3 troll zombies (D:11)
  Dowan (D:6)
  14 killer bees
  The ghost of MrCrawl the Grave Robber, a weakling DsNe (D:3)
  5 electric eels
  4 howler monkeys
  8 centaur zombies (D:7)
  2 bullfrog zombies (D:7)
  8 hounds
  A human simulacrum (Vaults:2)
  3 jellies
  17 orc priests
  10 iguanas
  A sleepcap (D:7)
  Terence (D:2)
  28 orc wizards
  11 hell rats
  3 killer bee zombies (D:7)
  4 ogre zombies (D:11)
  2 howler monkey zombies (D:7)
  Robin (D:2)
  14 gnolls
  7 adders
  6 river rats (Lair:5)
  9 shadow imps
  6 white imps
  An ufetubus (D:6)
  4 worms
  3 dart slugs
  86 orcs
  9 endoplasms
  2 giant cockroaches
  16 goblins
  10 hobgoblins
  5 quokkas
  7 ball pythons
  5 bats
  2 frilled lizards
  A goblin skeleton (D:11)
  4 goblin zombies (D:11)
  3 hobgoblin zombies (D:11)
  15 kobolds
  2 orc skeletons (D:11)
  15 orc zombies (D:11)
  13 rats
  18 starspawn tentacles (WizLab)
1960 creatures vanquished.

Vanquished Creatures (collateral kills)
  4 hydras
  A spriggan druid (Swamp:4)
  2 swamp dragons (Swamp:4)
  A tyrant leech (Swamp:4)
  2 swamp drakes (Swamp:4)
  An orc priest (Orc:2)
  An orc (Orc:2)
12 creatures vanquished.

Vanquished Creatures (others)
  A ghost moth (Spider:4)
  An eleionoma (Swamp:4)
  A goliath frog (Swamp:3)
  A bloated husk (Swamp:1)
  An orc warrior (D:15)
  An iguana (Lair:5)
  5 demonic plants (WizLab)
  8 foxfires (Swamp:1)
  26 fungi
  84 plants
  10 starspawn tentacles (WizLab)
  5 withered plants (D:7)
144 creatures vanquished.

Grand Total: 2116 creatures vanquished

Notes
Turn   | Place    | Note
-------+----------+-------------------------------------------
     0 | D:1      | Arcadio the Hill Orc Monk began the quest for the Orb.
     0 | D:1      | Reached XP level 1. HP: 19/19 MP: 1/1
   115 | D:1      | Reached XP level 2. HP: 26/27 MP: 2/2
   341 | D:1      | Reached XP level 3. HP: 20/33 MP: 3/3
  1158 | D:2      | Noticed Sigmund
  1203 | D:3      | Reached skill level 5 in Axes
  1203 | D:3      | Reached XP level 4. HP: 18/41 MP: 4/4
  1294 | D:3      | Noticed Grinder
  1355 | D:2      | Killed Sigmund
  1356 | D:2      | Reached skill level 5 in Fighting
  1356 | D:2      | Reached skill level 6 in Axes
  1356 | D:2      | Reached XP level 5. HP: 16/48 MP: 5/5
  1356 | D:2      | Reached XP level 6. HP: 19/56 MP: 6/6
  1589 | D:2      | Found a hazy altar of Hepliaklqana.
  1620 | D:2      | Noticed Robin
  1654 | D:2      | Killed Robin
  1796 | D:2      | Noticed Terence
  1805 | D:2      | Killed Terence
  2770 | D:3      | Found a blossoming altar of Fedhas.
  2822 | D:3      | Found a runed translucent gate.
  2822 | D:3      | Found a runed translucent gate.
  2822 | D:3      | Found a runed translucent gate.
  2823 | D:3      | Noticed MrCrawl's ghost (weakling DsNe)
  2961 | D:3      | Paralysed by Grinder for 4 turns
  2968 | D:3      | Paralysed by Grinder for 4 turns
  2976 | D:3      | Paralysed by Grinder for 4 turns
  2983 | D:3      | Paralysed by Grinder for 5 turns
  2989 | D:3      | HP: 2/57 [Grinder/nerve-wracking pain (12)]
  2990 | D:3      | Killed Grinder
  2991 | D:3      | Reached skill level 7 in Axes
  2991 | D:3      | Reached XP level 7. HP: 3/64 MP: 7/7
  3358 | D:4      | Found a staircase to the Ecumenical Temple.
  3377 | Temple   | Entered the Ecumenical Temple
  3603 | Temple   | Became a worshipper of the Shining One
  3603 | Temple   | Reached * piety under the Shining One
  3603 | Temple   | Reached ** piety under the Shining One
  4400 | D:5      | Entered Level 5 of the Dungeon
  4516 | D:6      | Reached XP level 8. HP: 68/73 MP: 8/8
  4527 | D:5      | Reached skill level 5 in Dodging
  4528 | D:5      | Reached skill level 8 in Axes
  5206 | D:6      | Noticed Dowan
  5206 | D:6      | Noticed Duvessa
  5361 | D:6      | Found a large runed translucent door.
  5362 | D:6      | Found a large runed translucent door.
  5389 | D:6      | Found a stormy altar of Qazlal.
  5404 | D:6      | Fell from the grace of the Shining One
  5404 | D:6      | Became a worshipper of Qazlal Stormbringer
  5409 | D:6      | Found a hazy altar of Hepliaklqana.
  5458 | D:6      | Found a transporter.
  5458 | D:6      | Noticed xelsha's ghost (novice MiFi)
  5460 | D:6      | Identified the +6 great mace "Duilem" {venom, rElec Int+3
                  | Dex-2 Stlth+}
  5460 | D:6      | Noticed a two-headed ogre
  5464 | D:6      | Found a transporter.
  5672 | D:6      | Noticed Eustachio
  5730 | D:6      | Killed Eustachio
  5826 | D:6      | Found a broken altar of Ashenzari.
  5851 | D:6      | Reached skill level 9 in Axes
  6073 | D:6      | Killed Duvessa
  6080 | D:6      | Killed Dowan
  6153 | D:6      | Reached XP level 9. HP: 82/82 MP: 9/9
  6625 | D:7      | Found a flagged portal.
  6627 | D:7      | Reached * piety under Qazlal
  6648 | Bailey   | Entered a bailey
  6707 | Bailey   | Reached skill level 10 in Axes
  6910 | Bailey   | Reached skill level 1 in Invocations
  6974 | Bailey   | Reached skill level 1 in Armour
  7099 | Bailey   | Noticed an orc warlord
  7120 | Bailey   | Reached ** piety under Qazlal
  7121 | Bailey   | Reached skill level 10 in Fighting
  7134 | Bailey   | Reached XP level 10. HP: 86/93 MP: 12/12
  7182 | Bailey   | Identified the ring of Conformity {Will+ Slay+4 Stlth+}
  7251 | D:7      | Acquired a manual of Shields
  7306 | D:7      | Reached skill level 11 in Axes
  7549 | D:7      | Reached skill level 5 in Invocations
  7597 | D:7      | Found a shadowy altar of Dithmenos.
  7859 | D:8      | Reached *** piety under Qazlal
  8073 | D:8      | Reached skill level 12 in Axes
  8161 | D:8      | Noticed Joseph
  8382 | D:8      | Reached skill level 5 in Armour
  8531 | D:8      | Killed Joseph
  8532 | D:8      | Reached XP level 11. HP: 32/102 MP: 15/15
  8750 | D:8      | Found a staircase to the Lair.
  9689 | D:9      | Found a sacrificial altar of Ru.
  9969 | D:9      | Reached **** piety under Qazlal
 10310 | D:9      | Found a glowing silver altar of Zin.
 10324 | D:9      | Found an ornate altar of the Wu Jian Council.
 10339 | D:10     | Entered Level 10 of the Dungeon
 10360 | D:10     | Reached skill level 13 in Axes
 11109 | D:10     | Noticed Erica
 11120 | D:10     | Killed Erica
 11324 | D:11     | Reached ***** piety under Qazlal
 11357 | D:11     | Reached XP level 12. HP: 67/113 MP: 18/18
 11579 | D:11     | Identified the +10 rapier "Ingaen" {elec, MP+9}
 11590 | D:11     | Found a staircase to the Orcish Mines.
 11817 | D:11     | Reached skill level 14 in Axes
 12150 | Orc:1    | Entered Level 1 of the Orcish Mines
 12151 | Orc:1    | Paralysed by an orc sorcerer for 4 turns
 12161 | Orc:1    | Noticed an orc high priest
 12178 | Orc:1    | Killed an orc high priest
 12188 | Orc:1    | Reached skill level 10 in Invocations
 12481 | Orc:1    | Found a roughly hewn altar of Beogh.
 12615 | Orc:2    | Entered Level 2 of the Orcish Mines
 12772 | Orc:2    | Noticed an orc high priest
 12778 | Orc:2    | Noticed a soul eater
 12779 | Orc:2    | Found a roughly hewn altar of Beogh.
 12780 | Orc:2    | Found Ziuhokey's General Store.
 12785 | Orc:2    | Killed an orc high priest
 12834 | Orc:2    | Bought a scroll of identify for 34 gold pieces
 12896 | Orc:2    | Found a staircase to the Elven Halls.
 12982 | Orc:2    | Noticed an orc high priest
 12987 | Orc:2    | Killed an orc high priest
 12990 | Orc:2    | Found a roughly hewn altar of Beogh.
 12997 | Orc:2    | Reached ****** piety under Qazlal
 12998 | Orc:2    | Found Gasen Kan's Book Emporium.
 13079 | Orc:2    | Noticed an orc high priest
 13080 | Orc:2    | Noticed an orc warlord
 13106 | Orc:1    | Noticed Nergalle
 13106 | Orc:1    | Noticed Maurice
 13326 | Orc:1    | Killed an orc warlord
 13341 | Orc:1    | Reached skill level 15 in Axes
 13578 | Orc:2    | Noticed a sun demon
 13578 | Orc:2    | Killed an orc high priest
 13579 | Orc:2    | Reached XP level 13. HP: 62/123 MP: 21/21
 13807 | Orc:2    | Found a roughly hewn altar of Beogh.
 13914 | Orc:2    | Found a roughly hewn altar of Beogh.
 13960 | Orc:2    | Found Qekluun's Antique Armour Emporium.
 13961 | Orc:2    | Found a roughly hewn altar of Beogh.
 13964 | Orc:2    | Found Haluigh's Antique Weapon Shoppe.
 14052 | Orc:2    | Found a roughly hewn altar of Beogh.
 14140 | Orc:1    | Killed Nergalle
 14152 | Orc:1    | Killed Maurice
 14432 | Lair:1   | Entered Level 1 of the Lair of Beasts
 14448 | Lair:1   | Reached skill level 10 in Armour
 15529 | Lair:2   | Reached skill level 16 in Axes
 15590 | Lair:2   | Identified the +0 scale mail of Viuvann {Fly rC- Int+4
                  | Stlth+}
 15801 | Lair:2   | Found a hole to the Spider Nest.
 15952 | Lair:2   | Reached skill level 15 in Fighting
 16677 | Lair:3   | Reached XP level 14. HP: 83/135 MP: 23/23
 17301 | Lair:3   | Reached skill level 17 in Axes
 17464 | Lair:3   | Found a staircase to the Swamp.
 17676 | Lair:4   | Noticed Urug
 17688 | Lair:4   | Killed Urug
 17750 | Lair:4   | Found a gate leading to a gauntlet.
 17759 | Gauntlet | Entered a Gauntlet
 17759 | Gauntlet | Found a transporter.
 17844 | Gauntlet | Found a transporter.
 17847 | Gauntlet | Found a transporter.
 17848 | Gauntlet | Found a transporter.
 17856 | Gauntlet | Found a transporter.
 17859 | Gauntlet | Found a transporter.
 17860 | Gauntlet | Found a transporter.
 17864 | Gauntlet | Found a runed translucent door.
 17866 | Gauntlet | Found a runed translucent door.
 17868 | Gauntlet | Found a transporter.
 17871 | Gauntlet | Found a transporter.
 17872 | Gauntlet | Found a transporter.
 17880 | Gauntlet | Found a transporter.
 17883 | Gauntlet | Found a transporter.
 17884 | Gauntlet | Found a transporter.
 17895 | Gauntlet | Found a transporter.
 18592 | Lair:4   | Noticed a dire elephant
 18597 | Lair:4   | Killed a dire elephant
 19118 | Lair:5   | Entered Level 5 of the Lair of Beasts
 19126 | Lair:5   | Reached skill level 18 in Axes
 19288 | Lair:5   | Reached XP level 15. HP: 109/146 MP: 17/24
 19387 | Lair:5   | Found a staircase to the Slime Pits.
 20251 | Lair:5   | Reached skill level 19 in Axes
 20785 | Lair:5   | Found a runed translucent door.
 21478 | D:3      | Killed MrCrawl's ghost
 21577 | D:6      | Killed xelsha's ghost
 21759 | Orc:2    | Bought a scroll of butterflies for 68 gold pieces
 21759 | Orc:2    | Bought the +8 plate armour "Jeas" {rC++ Str+2 Dex+2} for
                  | 1630 gold pieces
 22292 | D:12     | Noticed Erolcha
 22296 | D:12     | Killed Erolcha
 22360 | D:12     | Acquired the +2 cloak of the Fletcher {Will+++ Str+3 Dex-3}
 23562 | D:14     | Reached XP level 16. HP: 156/158 MP: 25/25
 23920 | D:14     | Reached skill level 20 in Axes
 23937 | D:14     | Reached skill level 15 in Armour
 23991 | D:14     | Found a gate to the Vaults.
 24503 | D:15     | Entered Level 15 of the Dungeon
 25223 | D:15     | Found a staircase to the Depths.
 25554 | Swamp:1  | Entered Level 1 of the Swamp
 25567 | Swamp:1  | Noticed Louise
 25577 | Swamp:1  | Killed Louise
 25644 | Swamp:2  | Reached skill level 21 in Axes
 25644 | Swamp:2  | Reached skill level 1 in Shields
 25695 | Swamp:2  | Found a runed translucent door.
 26195 | Swamp:2  | Reached XP level 17. HP: 166/168 MP: 26/26
 26241 | Swamp:2  | Reached skill level 5 in Shields
 26589 | Swamp:3  | Noticed a tentacled monstrosity
 26598 | Swamp:3  | Killed a tentacled monstrosity
 26679 | Swamp:3  | Found a runed translucent gate.
 26679 | Swamp:3  | Found a runed translucent gate.
 26679 | Swamp:3  | Found a runed translucent gate.
 26683 | Swamp:3  | Noticed Silenth's ghost (adept KoHu)
 27188 | Swamp:3  | Killed Silenth's ghost
 27259 | Swamp:4  | Entered Level 4 of the Swamp
 27388 | Swamp:4  | Noticed Mara
 27758 | Spider:1 | Entered Level 1 of the Spider Nest
 28002 | Spider:1 | Reached skill level 22 in Axes
 28770 | Spider:2 | Reached skill level 10 in Shields
 28780 | Spider:2 | Reached XP level 18. HP: 124/177 MP: 27/27
 30110 | Spider:4 | Entered Level 4 of the Spider Nest
 30695 | Spider:4 | Reached skill level 23 in Axes
 30765 | Spider:4 | Noticed Roxanne
 30833 | Spider:4 | Killed Roxanne
 31186 | Spider:4 | Reached XP level 19. HP: 146/190 MP: 0/28
 31315 | Spider:4 | Got a gossamer rune of Zot
 31764 | Swamp:1  | Got the Omnibus of the Compass and the Assassin
 32076 | Swamp:1  | Found a basalt altar of Yredelemnul.
 32433 | Swamp:4  | Noticed Arcadio's illusion
 32451 | Swamp:4  | Killed Mara
 32580 | Swamp:4  | Got a decaying rune of Zot
 32668 | Swamp:4  | Identified the ring of Plog {Fire Fly rPois Int-5 Dex+4}
 33281 | Vaults:1 | Entered Level 1 of the Vaults
 33431 | Vaults:1 | Reached skill level 15 in Shields
 33577 | Vaults:1 | Reached skill level 24 in Axes
 34037 | Vaults:1 | Found a magical portal.
 34060 | WizLab   | Entered Lehudib's Moon Base
 34090 | WizLab   | Found a transporter.
 34113 | WizLab   | Paralysed by accursed screaming for 1 turns
 34252 | WizLab   | Gained mutation: Your magical capacity is low. (-10% MP) [a
                  | neqoxec]
 34296 | WizLab   | Gained mutation: You are vulnerable to heat. (rF-) [a
                  | cacodemon]
 34345 | WizLab   | Paralysed by accursed screaming for 1 turns
 34597 | WizLab   | Reached XP level 20. HP: 202/202 MP: 26/26
 34621 | WizLab   | Identified the +1 pair of boots of Eternal Night {Int+3}
 34837 | WizLab   | Found a transporter.
 35249 | WizLab   | Identified the ring of Dimmatey {rPois rF+ Will+ Str-2
                  | Int+5}
 35252 | WizLab   | Got the Papyrus of Puissant Conduction
 35293 | WizLab   | Got Lehudib's Volume of the Glowing Xenolith
 36497 | Vaults:2 | Reached skill level 25 in Axes
 36860 | Vaults:2 | Found a staircase to the Crypt.
 36860 | Vaults:2 | Found a basalt altar of Yredelemnul.
 36871 | Vaults:2 | Found an ancient bone altar of Kikubaaqudgha.
 36933 | Vaults:2 | Reached XP level 21. HP: 211/211 MP: 27/27
 37351 | Vaults:2 | Found Xipe's Armour Shoppe.
 37666 | Vaults:3 | Found Nixkoa Satz's Jewellery Shoppe.
 37845 | Vaults:3 | You fall into a shaft and drop 1 floor!
 37999 | Vaults:4 | Found Qawafon's Assorted Antiques.
 38000 | Vaults:4 | Found Leossete's Book Boutique.
 38018 | Vaults:4 | Bought a fizzy green potion for 20 gold pieces
 38018 | Vaults:4 | Bought a potion of haste for 230 gold pieces
 38018 | Vaults:4 | Bought a scroll of butterflies for 92 gold pieces
 38051 | Vaults:4 | Found Webudut's Armour Boutique.
 38623 | Vaults:4 | Identified the +0 robe of Bitterness {rElec Str+4}
 38861 | Vaults:4 | Identified the +3 scale mail "Tywkuat" {Str+3 Slay+2}
 38922 | Vaults:4 | Reached skill level 26 in Axes
 39015 | Vaults:4 | Reached XP level 22. HP: 222/222 MP: 29/29
 39809 | Depths:1 | Entered Level 1 of the Depths
 39829 | Depths:1 | Reached skill level 15 in Invocations
 39850 | Depths:1 | Noticed the Enchantress
 39858 | Depths:1 | Killed the Enchantress
 39908 | Depths:1 | Found a large runed translucent door.
 40001 | Depths:1 | Found a large runed translucent door.
 40005 | Depths:1 | Found a large runed translucent door.
 40006 | Depths:1 | Found a large runed translucent door.
 40019 | Depths:1 | Found a gateway to Hell.
 40029 | Depths:1 | Found a one-way gate leading to the halls of Pandemonium.
 40048 | Depths:1 | Found Puvo Deu's Antique Armour Emporium.
 40297 | Depths:1 | Found a large runed translucent door.
 40298 | Depths:1 | Found a large runed translucent door.
 40328 | Depths:1 | Found a runed translucent door.
 40419 | Depths:1 | Found Egei's Assorted Antiques.
 40426 | Depths:1 | Bought a scroll of teleportation for 96 gold pieces
 40426 | Depths:1 | Bought a pair of boots for 144 gold pieces
 40426 | Depths:1 | Bought a scroll of teleportation for 96 gold pieces
 40426 | Depths:1 | Bought a scroll of magic mapping for 240 gold pieces
 40426 | Depths:1 | Bought a scroll of teleportation for 96 gold pieces
 40720 | Depths:1 | Found a large runed translucent door.
 40721 | Depths:1 | Found a large runed translucent door.
 41298 | Depths:2 | Noticed a golden dragon
 41310 | Depths:2 | Killed a golden dragon
 41396 | Depths:2 | Noticed a golden dragon
 41405 | Depths:2 | Killed a golden dragon
 41485 | Depths:2 | Found a one-way gate to the infinite horrors of the Abyss.
 41534 | Depths:2 | Reached XP level 23. HP: 195/232 MP: 31/31
 42588 | Depths:3 | Reached skill level 27 in Axes
 42841 | Depths:3 | Found a runed translucent gate.
 42847 | Depths:3 | Found a runed translucent gate.
 42848 | Depths:3 | Found a runed translucent gate.
 42848 | Depths:3 | Noticed Gaezyank's ghost (master GrEE)
 43219 | Depths:3 | Learned a level 2 spell: Blink
 43221 | Depths:3 | Learned a level 1 spell: Beastly Appendage
 43224 | Depths:3 | Learned a level 2 spell: Lesser Beckoning
 43227 | Depths:3 | Learned a level 2 spell: Wereblood
 43231 | Depths:3 | Learned a level 3 spell: Teleport Other
 43255 | Depths:4 | Entered Level 4 of the Depths
 43301 | Depths:4 | Reached skill level 1 in Translocations
 43428 | Depths:4 | Noticed Sojobo
 43442 | Depths:4 | Paralysed by an air elemental for 1 turns
 43446 | Depths:4 | Killed Sojobo
 44060 | Depths:4 | Noticed a golden dragon
 44075 | Depths:4 | Killed a golden dragon
 44233 | Depths:4 | Found a gate to the Realm of Zot.
 44318 | Depths:4 | Found a one-way gateway to a ziggurat.
 44800 | Slime:1  | Entered Level 1 of the Pits of Slime
 45281 | Slime:3  | Reached XP level 24. HP: 239/243 MP: 31/31
 45336 | Slime:3  | Gained mutation: Your spells are a little easier to cast,
                  | but a little less powerful. [a shining eye]
 45339 | Slime:2  | Gained mutation: Your body sometimes deteriorates upon
                  | taking damage. [a shining eye]
 45353 | Slime:4  | Noticed Dissolution
 45359 | Slime:4  | Killed Dissolution
 45489 | Slime:5  | Entered Level 5 of the Pits of Slime
 45683 | Slime:5  | Gained mutation: You occasionally lose the ability to read
                  | scrolls when taking damage. [a shining eye]
 45690 | Slime:5  | Noticed the Royal Jelly
 45854 | Slime:4  | Gained mutation: You are occasionally teleported next to
                  | monsters. [a shining eye]
 45859 | Slime:4  | Lost mutation: You are vulnerable to heat. (rF-) [potion of
                  | mutation]
 45859 | Slime:4  | Lost mutation: You occasionally lose the ability to read
                  | scrolls when taking damage. [potion of mutation]
 45859 | Slime:4  | Gained mutation: You are frail. (-10% HP) [potion of
                  | mutation]
 45859 | Slime:4  | Gained mutation: You are very frail. (-20% HP) [potion of
                  | mutation]
 45860 | Slime:4  | Lost mutation: You are very frail. (-20% HP) [potion of
                  | mutation]
 45860 | Slime:4  | Lost mutation: Your body sometimes deteriorates upon taking
                  | damage. [potion of mutation]
 45860 | Slime:4  | Lost mutation: You are frail. (-10% HP) [potion of
                  | mutation]
 45860 | Slime:4  | Gained mutation: Your body sometimes deteriorates upon
                  | taking damage. [potion of mutation]
 45860 | Slime:4  | Lost mutation: Your body sometimes deteriorates upon taking
                  | damage. [potion of mutation]
 45860 | Slime:4  | Gained mutation: Your mind is acute. (Int +4, Str/Dex -1)
                  | [potion of mutation]
 46094 | Slime:4  | Gained mutation: You have hidden genetic potential. [a
                  | shining eye]
 46108 | Slime:4  | Gained mutation: Your body sometimes deteriorates upon
                  | taking damage. [a shining eye]
 46141 | Slime:4  | Reached skill level 5 in Translocations
 46673 | Slime:5  | HP: 4/367 [rockslime[the Royal Jelly] (16)]
 46675 | Slime:5  | Mangled by a rockslime

Illustrated notes

Levels and vault maps discovered:
D:1:      dpeg_arrival_shelter, layout_basic, interstate_on_off
D:2:      layout_rooms, serial_aquarium, aquarium_bridge_long_separate
          [aquarium_subvault_wall, aquarium_subvault_bridge,
          aquarium_subvault_wall, aquarium_subvault_bridge,
          aquarium_subvault_wall, aquarium_subvault_bridge], aquarium_window_2,
          aquarium_window_2, aquarium_view_2e, aquarium_balcony_5b,
          aquarium_pool_split, basic_altar, grunt_decor_one_mirror,
          serial_park_tiny_1, hangedman_decor_growths, corexii_corridor_pit,
          serial_park_tiny_1, uniq_sigmund, uniq_terence, uniq_robin
D:3:      layout_rooms, mainiacjoe_overflow_concentric_impassable,
          gammafunk_ghost_nasty_kobolds, dk_noncrumbling_2, uniq_grinder
D:4:      layout_loops_ring, minmay_temple_entry_offerings,
          hangedman_decor_opposing, nicolae_hexahallways
D:5:      nicolae_cairo_tiling, layout_basic
D:6:      layout_rooms, jmf_multi_god_temple2,
          mainiacjoe_overflow_surrounded_room, gammafunk_ghost_smash,
          kennysheep_big_empty_room, grunt_decor_clamped,
          chequers_serial_rivers_micro_a, glass_columns_b, minmay_fountain_box,
          uniq_eustachio, uniq_duvessa
D:7:      layout_rooms, nicolae_dithmenos_the_darkroom, enter_bailey_2,
          serial_undead, serial_undead_f, serial_undead_e, serial_undead_d,
          serial_undead_a, serial_undead_b, serial_undead_c
D:8:      layout_basic, erik_lair_island, uniq_joseph
D:9:      layout_stronghold, nicolae_overflow_crystal_walls,
          mainiacjoe_overflow_swirl
D:10:     layout_roguey, uniq_erica
D:11:     layout_loops_cross, zombieorc2_lemuel
D:12:     layout_roguey, uniq_erolcha
D:13:     layout_loops_corners
D:14:     layout_cave_pods, lightli_vaults_fourway_checkpoint,
          serial_park_tiny_1
D:15:     gammafunk_enter_depths_forms, layout_cave_pools, corexii_corridor_pit,
          corexii_hall_statues_l, nrook_mini_vaults, drop_trap
Temple:   nicolae_temple_bog_church
Lair:1:   layout_loops_ring, pond
Lair:2:   layout_gridlike, nicolae_spider_entry_lesser_pyramids, serial_forest,
          infiniplex_forest_fountain, infiniplex_forest_end_2,
          infiniplex_forest_lined_room_2, infiniplex_forest_end_1,
          infiniplex_forest_zigzag_1, infiniplex_forest_lined_room_2,
          infiniplex_forest_lined_3, pdpol_lair_cavern_descent
Lair:3:   layout_concentric_octagons, nicolae_swamp_entry_spooky,
          grunt_megastairs_1
Lair:4:   beast_lair_carwin_large_3, layout_hall_layers, gauntlet_entry_generic,
          uniq_urug
Lair:5:   guppyfry_lair_end_dragon, layout_hall_layers, wormcave, slime_entry_1,
          st_stairs_4, kennysheep_abandoned_house
Swamp:1:  layout_basic_swamp, hangedman_swamp_ruin_wall, nicolae_swamp_godswood,
          swamp_pool2, uniq_louise
Swamp:2:  gammafunk_mikee_crab_dinner, layout_falls_marsh,
          evilmike_swamp_ruin_house_1, swamp_pool1
Swamp:3:  layout_basic_swamp, gammafunk_ghost_necromancy, serial_swamp_ruin,
          evilmike_swamp_ruin_rubble_2, evilmike_swamp_ruin_house_6
Swamp:4:  swamp, layout_basic_swamp, swamp_pool2,
          nicolae_swamp_hydra_murder_den, uniq_mara
Spider:1: layout_spider_delve
Spider:2: layout_spider_delve, guppyfry_hornet_nest
Spider:3: layout_spider_delve
Spider:4: grunt_spider_rune_circles, uniq_roxanne
Slime:1:  layout_caves
Slime:2:  layout_caves
Slime:3:  layout_caves
Slime:4:  nicolae_slime_pool, layout_caves, dissolution_awaits
Slime:5
Orc:1:    layout_caves, basic_altar, nicolae_orc_sculptors_studio,
          uniq_nergalle, uniq_maurice
Orc:2:    grunt_orc_community_town_hall, layout_caves,
          grunt_orc_community_big_house_2, grunt_orc_community_big_house_1,
          grunt_orc_community_house_1, grunt_orc_community_house_3,
          grunt_orc_community_house_1, grunt_orc_community_house_3
Vaults:1: lightli_enter_wizlab_magi_temple, v_rooms_3,
          nicolae_vaults_shock_wave, vaults_mumra_minichess, v_misc_27,
          nicolae_vaults_closet_pinwheel_5, vaults_room_grunt_arrival_ludios,
          nicolae_vaults_trapezoid_lopsided_1, nicolae_vaults_apartment_1,
          vaults_room_pools, nicolae_vaults_surprise_closet,
          layout_vaults_omnigrid, serial_shops, bzr_firewalk
Vaults:2: ontoclasm_vaults_twist, minmay_crypt_entry_necro_gods, v_misc_30,
          vaults_room_fours, nicolae_vaults_closet_pinwheel_1, v_misc_17,
          nicolae_vaults_cornered_office, vaults_room_semicircle,
          vaults_room_pool, nicolae_vaults_offset_grid_hallway_1,
          nicolae_vaults_stairing_the_circle, nicolae_vaults_mitosis,
          nicolae_vaults_tetromino_Z_2, layout_vaults_omnibox, serial_shops,
          shop
Vaults:3: nicolae_vaults_sightless_eye, nicolae_vaults_tetromino_T_2,
          nicolae_vaults_alarming, v_misc_22, vaults_mumra_bighexcomb,
          nicolae_vaults_frosty_reception, vaults_room_stairs_pillars,
          nicolae_vaults_tetromino_L_2, v_alt_pattern_4, nicolae_vaults_house_3,
          nicolae_vaults_double_plus_1, serial_ice_b, layout_vaults_big_room,
          serial_shops, nicolae_shop_pleasant_corner_grove
Vaults:4: vaults_dpeg_cross, hangedman_vaults_hard_town_square,
          hangedman_vaults_corner_blocks, v_rooms_5,
          nicolae_vaults_little_squares_4, v_alt_pattern_6,
          nicolae_vaults_sesquioval_fish, ontoclasm_vaults_ring_large,
          hangedman_vaults_stitches, dpeg_vaults_monster_row,
          ontoclasm_vaults_chip, nicolae_vaults_apartment_2,
          nicolae_vaults_diamond_1, layout_vaults_omnicross
Depths:1: minmay_five_octagons, layout_basic, serial_shops, shop, shop,
          hell_entry, chequers_serial_rivers_small_3, rand_demon_pan_entry_5,
          lightli_giant_bouncers, serial_bayou_shore_a, uniq_enchantress
Depths:2: evilmike_lava_path, layout_cave_pools, hell_entry,
          rand_demon_pan_entry_9, abyss_entry, serial_bayou_shore_b,
          infiniplex_staircase_pool_2
Depths:3: minmay_concentric_multi, layout_honeycomb,
          gammafunk_ghost_tricky_traps, hell_entry, abyss_entry,
          serial_bayou_ford_a, hangedman_abyss_or_decor_stabs,
          infiniplex_staircase_x
Depths:4: evilmike_zot_entry_hall, layout_cross, enter_ziggurat_d,
          grunt_mini_vestibule, minmay_misc_feat_secret_circle, pan_entry,
          minmay_liquid_box, uniq_sojobo

Skill      XL: |  1  2  3  4  5  6  7  8  9 10 11 12 13 14 15 16 17 18 19 20 21 22 23 24 |
---------------+-------------------------------------------------------------------------+-----
Fighting       | 4 5 6 7 8 10 11 12 13 15 16 18 19 20 21 22 23 24 25 26 | 26.0
Dodging        | 3 4 5 6 |  6.7
Axes           | 5 6 7 9 10 12 13 15 16 18 19 21 22 23 24 25 26 27 | 27.0
Invocations    | 2 6 9 11 12 14 16 17 | 17.0
Armour         | 2 5 7 9 11 13 14 16 17 18 19 20 21 22 | 22.8
Shields        | 4 10 13 15 16 17 18 19 20 | 20.2
Translocations | 3 5 |  5.2

Action                     |  1- 3 |  4- 6 |  7- 9 | 10-12 | 13-15 | 16-18 | 19-21 | 22-24 || total
---------------------------+-------+-------+-------+-------+-------+-------+-------+-------++-------
  Melee: Hand axe          |   122 |    97 |       |       |       |       |       |       ||   219
         War axe           |       |    40 |   295 |   562 |   824 |   940 |  1093 |    52 ||  3806
         Unarmed           |       |       |     1 |       |       |       |       |       ||     1
         Broad axe         |       |       |       |       |       |       |       |   962 ||   962
   Cast: Blink             |       |       |       |       |       |       |       |     2 ||     2
 Invoke: Elemental Force   |       |       |       |     1 |     3 |     4 |     2 |       ||    10
         Upheaval          |       |       |       |       |    17 |    21 |    12 |     8 ||    58
         Disaster Area     |       |       |       |       |     1 |     1 |       |       ||     2
  Evoke: Wand              |       |       |     6 |     2 |       |     4 |       |     1 ||    13
         Phantom mirror    |       |       |       |       |       |       |     1 |       ||     1
    Use: Scroll            |       |       |    14 |    11 |    15 |     8 |     8 |    10 ||    66
         Potion            |       |       |     1 |       |     1 |     4 |       |    10 ||    16
   Stab: Distracted        |       |       |       |     1 |     1 |       |       |       ||     2
 Armour: Scale mail        |    43 |    48 |    99 |    96 |       |       |       |       ||   286
         Robe              |     1 |       |       |       |       |       |       |       ||     1
         Skin              |       |       |     4 |       |       |       |       |       ||     4
         Plate armour      |       |       |       |    97 |   305 |   684 |   330 |   423 ||  1839
         Fire dragon scale |       |       |       |       |    14 |       |       |       ||    14
  Dodge: Dodged            |    56 |    65 |   180 |   208 |   231 |   349 |   183 |   221 ||  1493
         Repelled          |       |       |       |     2 |     3 |     4 |     1 |    13 ||    23
  Block: Orb               |       |       |    50 |   254 |   347 |    42 |       |       ||   693
         Other             |       |       |     3 |       |       |       |       |       ||     3
         Reflection        |       |       |     2 |    14 |     5 |       |       |       ||    21
         Tower shield      |       |       |       |       |       |  1157 |  1127 |  1367 ||  3651
